 Dungeon Crawl Stone Soup version 0.31-a0-765-g67fe2935dc (webtiles) character file.

Game seed: 7790375098602155261

112 IdlyInterested the Trooper (level 4, 0/35 HPs)
             Began as a Demonspawn Fighter on Sept 15, 2023.
             Slain by Grinder (3 damage)
             ... on level 3 of the Dungeon.
             The game lasted 00:07:17 (1933 turns).

IdlyInterested the Trooper (Demonspawn Fighter)     Turns: 1933, Time: 00:07:19

Health: 0/35       AC:  6    Str: 16    XL:     4   Next: 64%
Magic:  4/4        EV: 11    Int:  9    God:
Gold:   137        SH:  0    Dex: 15    Spells: 3/3 levels left

rFire   . . .        a - +0 rapier
rCold   . . .        (no shield)
rNeg    . . .        n - +1 ring mail {rPois}
rPois   +            (no helmet)
rElec   .            (no cloak)
rCorr   .            (no gloves)
SInv    .            (no boots)
Will    .....        (no amulet)
Stlth   +            (no ring)
HPRegen 0.25/turn    (no ring)
MPRegen 0.09/turn

%: no passive effects
@: mighty
A: claws 1, hooves 1, powered by death 1
a: no special abilities


You were on level 3 of the Dungeon.
You visited 1 branch of the dungeon, and saw 3 of its levels.

You collected 137 gold pieces.

Inventory:

Hand Weapons
 a - a +0 rapier (weapon)
 g - a +0 spear
 j - a +2 dagger of holy wrath
Missiles
 e - 41 stones (quivered)
 o - 4 boomerangs
 t - 6 curare-tipped darts
Armour
 c - a +0 buckler
 n - a +1 ring mail of poison resistance (worn)
Talismans
 b - a flux talisman
Wands
 f - a wand of charming (8)
Scrolls
 h - a scroll of fear {unknown}
 i - a scroll of acquirement {unknown}
 k - 2 scrolls of revelation
 m - 2 scrolls of identify
 p - a scroll of blinking {unknown}
 u - 3 scrolls of teleportation
Potions
 d - a potion of might
 l - a potion of haste {unknown}
 r - a potion of curing
 s - a potion of berserk rage
 v - a potion of mutation {unknown}


   Skills:
 - Level 3.0 Fighting
 - Level 1.7 Short Blades
 - Level 1.0 Throwing
 - Level 3.0 Armour
 + Level 2.1 Dodging
 - Level 1.0 Stealth
 - Level 2.6 Shields
 + Level 1.3 Unarmed Combat
 - Level 1.0 Evocations
 - Level 1.0 Shapeshifting


You had 3 spell levels left.
You didn't know any spells.
Your spell library contained the following spells:

 Spells                   Type           Power      Damage    Failure   Level
 Freeze                   Ice            0%         1d3       58%         1
 Frozen Ramparts          Ice            0%         1d1       92%         3
 Hailstorm                Conj/Ice       0%         3d3       92%         3


Dungeon Overview and Level Annotations

Branches:
Dungeon (3/15)

Altars:
Hepliaklqana

Annotations:
D:3 Grinder


Innate Abilities, Weirdness & Mutations

You have sharp fingernails.
You have large cloven feet.
You regenerate a little health from kills.


Message History

Grinder barely misses you.
You hit Grinder. You kick Grinder.
Grinder is heavily wounded.
Grinder says, "You look like you could use a good racking."
Grinder hits you!
You writhe in agony.
You hit Grinder but do no damage.
Grinder is heavily wounded.
Grinder hits you but does no damage.
You hit Grinder. Your kick misses Grinder.
Grinder is severely wounded.
Grinder gestures at you. You resist with significant effort.
You closely miss Grinder. Your kick misses Grinder.
Grinder is severely wounded.
Grinder hits you.
You writhe in agony.
You hit Grinder but do no damage.
Grinder is severely wounded.
Grinder hits you but does no damage.
You barely miss Grinder. Your kick misses Grinder.
Grinder is severely wounded.
Grinder hits you!
* * * LOW HITPOINT WARNING * * *
You feel very mighty all of a sudden. Grinder gestures at you.
You suddenly lose the ability to move!
Grinder gestures at you.
You shrug off the repeated paralysis!
Grinder completely misses you. Grinder hits you.
* * * LOW HITPOINT WARNING * * *
You writhe in agony.
* * * LOW HITPOINT WARNING * * *
You can move again.
You closely miss Grinder. Your kick misses Grinder.
Grinder is severely wounded.
Grinder hits you.
* * * LOW HITPOINT WARNING * * *
You writhe in agony.
You die...
Grinder says, "Now the real fun starts!"

,,,,,,,,,,,,,,,,* #..........
,,,,,.,,,....,,** ###..........
***..,,,,....,******#...........#
* *.#*****#...,,......#..>......#
###.####,,,...#*#######.........#
§§.....,,***#..#* #####.........#
§....###** *#..###.............#
§§.....#* #.5.##.##...........
§....#,,**####.#@#.....#.........
§....#*,,............####.....).#
#.####**,..!.....^..............#
..## *,...............###..#..#
..## *,>........####### #.....#
..## *,.........# #.##..P ..##
*,.........# #.##...
.###****,.........#*** #.##...
....,,,,,*.#...#...,,****##.###..


You could see Grinder.

Vanquished Creatures
  Jessica (D:3)
  2 worms (D:2)
  4 dart slugs
  3 orcs (D:3)
  6 endoplasms
  7 goblins
  9 hobgoblins
  5 jackals
  5 kobolds
  2 quokkas (D:1)
  5 ball pythons
  8 bats
  4 frilled lizards
  2 rats
63 creatures vanquished.

Notes
Turn   | Place    | Note
-------+----------+-------------------------------------------
     0 | D:1      | IdlyInterested the Demonspawn Fighter began the quest for
                  | the Orb.
     0 | D:1      | Reached XP level 1. HP: 18/18 MP: 1/1
   206 | D:1      | Reached skill level 1 in Throwing
   206 | D:1      | Discovered your monstrous ancestry.
   206 | D:1      | Gained mutation: You have large cloven feet. [demonic
                  | ancestry]
   206 | D:1      | Reached XP level 2. HP: 11/24 MP: 2/2
   341 | D:1      | Reached skill level 1 in Dodging
   359 | D:1      | Reached skill level 1 in Stealth
   554 | D:1      | Found a faded altar of an unknown god.
   558 | D:1      | Gained mutation: You regenerate a little health from kills.
                  | [demonic ancestry]
   558 | D:1      | Reached XP level 3. HP: 29/29 MP: 3/3
   595 | D:1      | Reached skill level 1 in Evocations
  1115 | D:2      | Reached skill level 1 in Shapeshifting
  1625 | D:3      | Gained mutation: You have sharp fingernails. [demonic
                  | ancestry]
  1625 | D:3      | Reached XP level 4. HP: 35/35 MP: 4/4
  1647 | D:3      | Noticed Jessica
  1659 | D:3      | Found a hazy altar of Hepliaklqana.
  1660 | D:3      | Found a faded altar of an unknown god.
  1666 | D:3      | Killed Jessica
  1667 | D:3      | Reached skill level 1 in Unarmed Combat
  1915 | D:3      | Noticed Grinder
  1919 | D:3      | Paralysed by Grinder for 2 turns
  1929 | D:3      | Paralysed by Grinder for 4 turns
  1933 | D:3      | Slain by Grinder

Illustrated notes

Levels and vault maps discovered:
D:1:      tarquinn_simple_flora_water_f, layout_rooms,
          dreamdust_ecumenical_altar_angels_and_demons, minmay_tiny_reverse_x
D:2:      layout_basic
D:3:      corexii_shack_village, layout_rooms,
          beargit_hepliaklqana_dungeon_heroes, glass_columns_c, uniq_grinder

Skill      XL: |  1  2  3  4 |
---------------+-------------+-----
Armour         | 3 |  3.0
Throwing       | 1 |  1.0
Dodging        | 1 2 |  2.1
Stealth        | 1 |  1.0
Evocations     | 1 |  1.0
Shapeshifting  | 1 |  1.0
Unarmed Combat | 1 |  1.3
Fighting       | |  3.0
Short Blades   | |  1.7
Shields        | |  2.6

Action                     |  1- 3 |  4- 6 || total
---------------------------+-------+-------++-------
  Melee: Rapier            |   140 |    40 ||   180
         Kick              |    27 |    10 ||    37
         Punch             |       |     1 ||     1
  Throw: Stone             |     4 |       ||     4
    Use: Scroll            |       |     6 ||     6
         Potion            |       |     1 ||     1
   Stab: Sleeping          |       |     1 ||     1
 Armour: Scale mail        |    41 |       ||    41
         Ring mail         |    48 |    29 ||    77
  Dodge: Dodged            |    62 |    19 ||    81
  Block: Buckler           |    32 |       ||    32

Table legend: (Time is in decaauts)
 A = Elapsed time spent in this place.
 B = Non-inter-level travel time spent in this place.
 C = Inter-level travel time spent in this place.
 D = Time resting spent in this place.
 E = Time spent auto-exploring this place.
 F = Levels seen in this place.
 G = Mean time per level.
                   A        B        C        D        E       F      G
               +--------+--------+--------+--------+--------+-----+--------+
         Total |   1961 |   1817 |    144 |    218 |    847 |   3 |  653.7 |
       Dungeon |   1961 |   1817 |    144 |    218 |    847 |   3 |  653.7 |
               +--------+--------+--------+--------+--------+-----+--------+

Top non-repeatable levels by time:
     D:2: 850 daAuts
     D:1: 726 daAuts
     D:3: 383 daAuts
